 Dungeon Crawl Stone Soup version 0.22-a0-162-g33bf127 (webtiles) character file.

200 mhoghedin the Insei (level 5, -1/40 HPs)
             Began as a Draconian Transmuter on Feb 12, 2018.
             Slain by a scorpion (9 damage)
             ... on level 4 of the Dungeon.
             The game lasted 00:04:33 (2516 turns).

mhoghedin the Insei (Draconian Transmuter)          Turns: 2516, Time: 00:04:35

Health: -1/40      AC:  5    Str: 12    XL:     5   Next: 48%
Magic:  2/8        EV: 12    Int: 14    God:
Gold:   192        SH:  0    Dex: 12    Spells: 2/8 levels left

rFire    x . .     SeeInvis .   g - +2 whip (flame)
rCold    + + .     Gourm    .   (no shield)
rNeg     . . .     Faith    .   (armour unavailable)
rPois    .         Spirit   .   (helmet restricted)
rElec    .         Reflect  .   (no cloak)
rCorr    .         Harm     .   (no gloves)
MR       .....                  (no boots)
Stlth    +.........             (no amulet)
HPRegen  0.13/turn              f - ring of ice {rC+, rF-}
MPRegen  0.11/turn              t - ring of protection from cold {rC+, !d}

@: no status effects
A: unfitting armour, cold-blooded, AC +5
a: no special abilities


You were on level 4 of the Dungeon.
You were hungry.

You visited 1 branch of the dungeon, and saw 4 of its levels.

You collected 192 gold pieces.

Inventory:

Hand Weapons
 g - a +2 whip of flaming (weapon)
   (You took it off a kobold on level 1 of the Dungeon)
Missiles
 a - 22 arrows
Armour
 u - a +0 cloak
   (You found it on level 3 of the Dungeon)
Jewellery
 f - a ring of ice (left hand) {rC+, rF-}
   (You found it on level 1 of the Dungeon)
 t - a ring of protection from cold (right hand) {rC+, !d}
   (You found it on level 3 of the Dungeon)
Wands
 s - a wand of random effects (28)
   (You found it on level 3 of the Dungeon)
Scrolls
 d - 6 scrolls of identify {unknown}
 h - 2 scrolls of teleportation {unknown}
 i - 2 scrolls of fog {unknown}
 j - a scroll of immolation {unknown}
 k - a scroll of random uselessness {unknown}
 l - a scroll of enchant armour {unknown}
 m - 4 scrolls of blinking {unknown}
 o - 2 scrolls of enchant weapon {unknown}
 r - a scroll of magic mapping {unknown}
Potions
 e - 3 potions of agility {unknown}
 n - a potion of mutation {unknown}
 p - a potion of degeneration {unknown}
 q - 3 potions of berserk rage {unknown}
Books
 b - a book of Changes
Comestibles
 c - 8 rations


   Skills:
 - Level 1.1 Fighting
 - Level 1.7 Dodging
 + Level 4.7 Unarmed Combat
 - Level 2.0 Spellcasting
 + Level 4.1 Transmutations
 + Level 1.1 Poison Magic


You had 2 spell levels left.
You knew the following spells:

 Your Spells              Type           Power        Failure   Level  Hunger
a - Beastly Appendage     Tmut           ##....       4%          1    ##.....
c - Spider Form           Tmut/Pois      #.........   24%         3    ####...
s - Sticks to Snakes      Tmut           ##......     6%          2    ###....


Dungeon Overview and Level Annotations

Branches:
Dungeon (4/15)
 Temple: D:4-7

Altars:
Nemelex Xobeh
Wu Jian


Innate Abilities, Weirdness & Mutations

Your plain brown scales are hard. (AC +5)
You cannot fit into any form of body armour.
You are cold-blooded and may be slowed by cold attacks.


Message History

Done exploring.
(D) Dungeon
Where to? (Enter - D:3, ? - help)
There is a stone staircase leading down here.
You climb downwards.
A worker ant, an orc and 3 orc wizards come into view.
The orc wizard shouts! x2
The worker ant twitches its antennae in your direction.
The orc shouts!
The orc wizard shouts!
There is a stone staircase leading up here.
There are monsters nearby!
The orc wizard casts a spell.
The orc wizard blinks!
You climb upwards.
There is a stone staircase leading down here.
There is a stone staircase leading down here.
You climb downwards.
Found five items.
Found a stone staircase leading up.
There is a stone staircase leading up here.
You now have 192 gold pieces (gained 10).
An ogre comes into view. It is wielding a giant club.
The ogre shouts!
Okay, then.
Unknown command.
You create a snake!
You now have 25 arrows.
You now have 6/8 mp.
Casting: Sticks to Snakes (safe; 7% risk of failure)
You create a snake!
You now have 24 arrows.
You are feeling hungry.
A scorpion comes into view.
You now have 4/8 mp.
Your ball python bites the ogre.
Casting: Sticks to Snakes (safe; 7% risk of failure)
You create a snake!
You now have 23 arrows.
Your ball python bites the ogre but does no damage.
Your ball python closely misses the ogre.
Your ball python barely misses the ogre.
You now have 2/8 mp.
What are your orders? t - Shout!
Orders for allies: a - Attack new target. r - Retreat! s - Stop attacking. g - Guard the area. f - Follow me.
Anything else - Cancel.
Okay, then.
Unknown command.
Unknown command.
Your ball python bites the ogre.
The ogre hits you with a giant club!
You take 11 damage, and have 29/40 hp.
MASSIVE DAMAGE!!
Your ball python barely misses the ogre.
Your ball python bites the ogre.
Your ball python bites the ogre.
You barely miss the ogre.
Your ball python bites the ogre but does no damage.
Your ball python bites the ogre.
The ogre closely misses you.
Your ball python bites the ogre but does no damage.
Your ball python bites the ogre.
You hit the ogre. You burn the ogre.
Your ball python bites the ogre.
Your ball python bites the ogre but does no damage.
The ogre hits you with a giant club!!
Ouch! That really hurt!
* * * LOW HITPOINT WARNING * * *
You take 22 damage, and have 7/40 hp.
MASSIVE DAMAGE!!
Casting: Sticks to Snakes (safe; 7% risk of failure)
You create a snake!
You now have 22 arrows.
The scorpion stings your ball python.
Your ball python dies!
Your ball python bites the ogre.
Your ball python bites the ogre but does no damage.
The ogre hits your ball python with a giant club!
Your ball python dies!
You now have 1/8 mp.
You swap places.
Your ball python bites the ogre but does no damage.
Your ball python bites the ogre.
The scorpion stings your ball python!
Your ball python dies!
The ogre closely misses your ball python.
Your ball python bites the ogre but does no damage.
Your ball python bites the ogre but does no damage.
The ogre hits your ball python with a giant club!
Your ball python dies!
The ogre shouts!
Aim: an ogre, wielding a giant club (severely wounded)
The bolt of negative energy hits the ogre.
The ogre is drained!
You kill the ogre!
Your Transmutations skill increases to level 4!
Your Poison Magic skill increases to level 1!
The bolt of negative energy misses the scorpion.
Unknown command.
Aim: a scorpion The scorpion seems to speed up.
Aim: a scorpion (fast)
The scorpion flickers and vanishes!
Deactivating autopickup; reactivate with Ctrl-A.
Something stings you!
You die...

.(#.##. #.# .....#$.. .
####.# #......... ..
...#.####......... ...
.......#......... ....
#.....[.......s .....
#.#............
......####...<..........
#.@{)..............
.......######...........
...#### ##........!. .
#.?........ #.......#..
#......<..# #..%...#...
#.......... ..........?


There were no monsters in sight!

Vanquished Creatures
  An ogre (D:4)
  Terence (D:2)
  2 adders (D:2)
  3 oozes
  3 dart slugs
  2 leopard geckos (D:2)
  An orc (D:3)
  7 bats
  4 giant cockroaches
  12 goblins
  9 hobgoblins
  3 jackals (D:2)
  A quokka (D:3)
  A ball python (D:1)
  5 frilled lizards
  7 kobolds
  10 rats
72 creatures vanquished.

Notes
Turn   | Place    | Note
-------+----------+-------------------------------------------
     0 | D:1      | mhoghedin the Draconian Transmuter began the quest for the Orb.
     0 | D:1      | Reached XP level 1. HP: 16/16 MP: 3/3
   149 | D:1      | Reached XP level 2. HP: 19/23 MP: 5/5
   488 | D:1      | Reached XP level 3. HP: 27/28 MP: 6/6
   514 | D:1      | Reached skill level 3 in Transmutations
   896 | D:2      | Learned a level 2 spell: Sticks to Snakes
   900 | D:2      | Learned a level 3 spell: Spider Form
   962 | D:2      | Reached skill level 4 in Unarmed Combat
   973 | D:2      | Reached XP level 4. HP: 34/35 MP: 7/7
  1056 | D:2      | Found an ornate altar of the Wu Jian Council.
  1226 | D:2      | Noticed Terence
  1242 | D:2      | Killed Terence
  2095 | D:3      | Found a sparkling altar of Nemelex Xobeh.
  2361 | D:3      | Reached XP level 5. HP: 40/40 MP: 8/8
  2494 | D:4      | Noticed an ogre
  2509 | D:4      | HP: 7/40 [ogre/giant club (22)]
  2514 | D:4      | Killed an ogre
  2514 | D:4      | Reached skill level 4 in Transmutations
  2514 | D:4      | Reached skill level 1 in Poison Magic
  2516 | D:4      | Slain by a scorpion

Vault maps used:
D:1:      evilmike_arrival_rings, corexii_leaking_fountain, nrook_uturn
D:2:      lemuel_coloured_pillars_altar, uniq_terence
D:3:      nemelex_xobeh_ov_fountains_minmay, hangedman_decor_diamond_cutter
D:4:      nicolae_overflow_hidden_temple

Skill      XL: |  1  2  3  4  5 |
---------------+----------------+-----
Transmutations | 3 4 |  4.1
Unarmed Combat | 4 |  4.7
Poison Magic   | 1 |  1.1
Fighting       | |  1.1
Dodging        | |  1.7
Spellcasting   | |  2.0

Action                   |  1- 3 |  4- 6 || total
-------------------------+-------+-------++-------
Melee: Unarmed           |    32 |    10 ||    42
       Kick              |     4 |       ||     4
       Whip              |    56 |    78 ||   134
       Tailslap          |     2 |     8 ||    10
 Cast: Beastly Appendage |     3 |       ||     3
       Spider Form       |       |     1 ||     1
       Sticks to Snakes  |       |     4 ||     4
Evoke: Wand              |       |     3 ||     3
 Stab: Sleeping          |     2 |     1 ||     3
  Eat: Chunk             |       |     5 ||     5
Armor: Skin              |    25 |    18 ||    43
Dodge: Dodged            |    57 |    65 ||   122

Table legend:
 A = Spawn XP
 B = Non-spawn XP
 C = Spawn XP percentage of total XP
 D = Spawn monster count
 E = Non-spawn monster count
 F = Spawn count percentage of total count
 G = Total turns spent on level
                    A         B        C        D         E        F      G
               +---------+---------+-------+---------+---------+-------+---------
         Total |       0 |     286 |   0.0 |       0 |      72 |   0.0 |  2516
               +---------+---------+-------+---------+---------+-------+---------
           D:1 |       0 |      62 |   0.0 |       0 |      32 |   0.0 |   844
           D:2 |       0 |     106 |   0.0 |       0 |      25 |   0.0 |   914
           D:3 |       0 |      28 |   0.0 |       0 |      14 |   0.0 |   731
           D:4 |       0 |      90 |   0.0 |       0 |       1 |   0.0 |    27
               +---------+---------+-------+---------+---------+-------+---------

Vault maps used:
D:1:      evilmike_arrival_rings, corexii_leaking_fountain, nrook_uturn
D:2:      lemuel_coloured_pillars_altar, uniq_terence
D:3:      nemelex_xobeh_ov_fountains_minmay, hangedman_decor_diamond_cutter
D:4:      nicolae_overflow_hidden_temple

Table legend:
 A = Turns spent in this place as a percentage of turns spent in the entire game.
 B = Non-inter-level travel turns spent in this place as a percentage of non-inter-level travel turns spent in the entire game.
 C = Inter-level travel turns spent in this place as a percentage of turns spent in this place.
 D = Turns resting spent in this place as a percentage of non-inter-level travel turns spent in this place.
 E = Turns spent auto-exploring this place as a percentage of non-inter-level travel turns spent in this place.
 F = Non-inter-level travel turns spent in this place divided by the number of levels of this place that you've seen.
                   A       B       C       D       E      F
               +-------+-------+-------+-------+-------+----------------------
         Total | 100.0 | 100.0 |   9.4 |  12.5 |  66.8 | 570.0
       Dungeon | 100.0 | 100.0 |   9.4 |  12.5 |  66.8 | 570.0
               +-------+-------+-------+-------+-------+----------------------

Table legend:
 A = Kills in this place as a percentage of kills in entire the game.
 B = Kills by you in this place as a percentage of kills by you in the entire game.
 C = Kills by friends in this place as a percentage of kills by friends in the entire game.
 D = Other kills in this place as a percentage of other kills in the entire game.
 E = Experience gained in this place as a percentage of experience gained in the entire game.
 F = Experience gained in this place divided by the number of levels of this place that you have seen.
                   A       B       C       D       E      F
               +-------+-------+-------+-------+-------+----------------------
         Total | 100.0 | 100.0 |   N/A |   N/A | 100.0 |  71.5
       Dungeon | 100.0 | 100.0 |   N/A |   N/A | 100.0 |  71.5
               +-------+-------+-------+-------+-------+----------------------
